 Dungeon Crawl Stone Soup version 0.31.0-32-g396128a36d (webtiles) character file.

Game seed: 4670841267472171195

19 Killerpretzel the Changeling (level 2, -1/18 HPs)
             Began as an Octopode Shapeshifter on Mar 8, 2024.
             Slain by a gnoll
             ... wielding a +0 spear
              (6 damage)
             ... on level 1 of the Dungeon.
             The game lasted 00:00:17 (752 turns).

Killerpretzel the Changeling (Octopode Shapeshifter) Turns: 752, Time: 00:00:17

Health: -1/18      AC:  1    Str: 13    XL:     2   Next: 75%
Magic:  2/2        EV: 13    Int: 12    God:
Gold:   4          SH:  0    Dex: 11    Spells: 1/1 levels left

rFire   . .          .
                       - Unarmed
rCold   . . .        (no shield)
rNeg    . . .        (helmet currently unavailable)
rPois   .            (no amulet)
rElec   .            (no ring)
rCorr   .            (no ring)
SInv    .            (no ring)
Will    .....        (no ring)
Stlth   ++           (no ring)
HPRegen 0.23/turn    (no ring)
MPRegen 0.08/turn    (no ring)
                     (no ring)

%: no passive effects
@: beast-form
A: beast (slay +1), almost no armour, amphibious, 8 rings, camouflage 1,
gelatinous body 1, (nimble swimmer 1), tentacles
a: Begin Untransformation


You were on level 1 of the Dungeon.
You were a hulking beast.
You visited 1 branch of the dungeon, and saw 1 of its levels.

You collected 4 gold pieces.

Inventory:

Talismans
 b - a beast talisman
 c - a flux talisman
Scrolls
 d - a scroll of poison {unknown}
 e - a scroll of blinking {unknown}
 g - a scroll of fear {unknown}
 h - a scroll of noise {unknown}
Potions
 a - a potion of lignification
 f - a potion of enlightenment {unknown}


   Skills:
 + Level 1.4 Fighting
 + Level 2.2 Dodging
 + Level 3.2 Unarmed Combat
 * Level 3.3 Shapeshifting


You had one spell level left.
You didn't know any spells.
Your spell library contained the following spells:

 Spells                   Type           Power      Damage    Failure   Level
 Lesser Beckoning         Tloc           0%         N/A       45%         2
 Gell's Gravitas          Tloc           0%         N/A       69%         3
 Teleport Other           Tloc           0%         N/A       69%         3


Dungeon Overview and Level Annotations

Branches:
Dungeon (1/15)

Altars:


Innate Abilities, Weirdness & Mutations

You are a hulking beast.
Your limbs bulge with bestial killing power. (Slay +1)
You cannot wear most types of armour.
You are amphibious.
You can wear up to eight rings at the same time.
Your skin changes colour to match your surroundings (Stealth+).
Your rubbery body absorbs attacks. (AC +1, EV +1)
((You are camouflaged when in or above water. (Stealth+)))
You have tentacles for arms and can constrict up to eight enemies at once.


Message History

A giant cockroach is nearby!
You tentacle-slap the giant cockroach but do no damage.
You grab the giant cockroach. You squeeze the giant cockroach.
You kill the giant cockroach!
No target in view!
No target in view!
You open the door.
A kobold and a gnoll come into view.
You tentacle-slap the kobold. Your grab misses the kobold.
The kobold is severely wounded.
The kobold hits you with a +0 dagger.
You tentacle-slap the kobold.
You kill the kobold!
The gnoll shouts!
You hear a shout!
There is an open door here.
Things that are here:
a +0 dagger; a kobold corpse A gnoll is nearby!
The gnoll hits you with a +0 spear.
You are too injured to fight recklessly!
You are too injured to fight recklessly!
A gnoll is nearby!
You are too injured to fight recklessly!
You are too injured to fight recklessly!
You are too injured to fight recklessly!
A gnoll is nearby!
You are too injured to fight recklessly!
You are too injured to fight recklessly!
You are too injured to fight recklessly!
A gnoll is nearby!
You closely miss the gnoll. Your grab misses the gnoll.
The gnoll barely misses you.
You tentacle-slap the gnoll but do no damage.
You grab the gnoll. You constrict the gnoll.
The gnoll hits you with a +0 spear.
A hobgoblin comes into view.
You tentacle-slap the gnoll.
The gnoll is moderately wounded.
You constrict the gnoll. The gnoll hits you with a +0 spear.
You die...

#'## #.#### ###.....#.# ##'##
###..## ##.......#..
###.###.....## ##........#.#
#....#.......## #.........#.#
.##.....###...#######.........#.#
.###...## ##..#....#..........#.#
.#.##..## ##....#...............#
..###..[###...#)####..........###
..# ##.......###h# ##.........#
..# ##.....## #g# #.........# .##
####.#### ##. ##........# ##
##.#...#.# #g ##.......# #
##...##...# ## ###.....#
#..#..#..## ####..# # ##.###...##
#### ###..# ##..# .##..# ####


You could see a gnoll and a hobgoblin.

Vanquished Creatures
  3 endoplasms (D:1)
  2 giant cockroaches (D:1)
  2 hobgoblins (D:1)
  A quokka (D:1)
  2 ball pythons (D:1)
  A bat (D:1)
  A frilled lizard (D:1)
  4 kobolds (D:1)
  3 rats (D:1)
19 creatures vanquished.

Notes
Turn   | Place    | Note
-------+----------+-------------------------------------------
     0 | D:1      | Killerpretzel the Octopode Shapeshifter began the quest for
                  | the Orb.
     0 | D:1      | Reached XP level 1. HP: 13/13 MP: 1/1
   336 | D:1      | Reached XP level 2. HP: 5/18 MP: 2/2
   752 | D:1      | Slain by a gnoll

Illustrated notes

Levels and vault maps discovered:
D:1:      dpeg_cavernosity, layout_basic, minmay_cut_off

Action                     || total
---------------------------++-------
  Melee: Unarmed           ||    39
         Constrict         ||     9
         Tentacles         ||     4
   Stab: Sleeping          ||     3
 Armour: Skin              ||    15
  Dodge: Dodged            ||    15
